 Dungeon Crawl Stone Soup version 0.26.1-11-gd32895ea62 (webtiles) character file.

Game seed: 4698362985502456485

1266 JayTheAdventurer the Sneak (level 8, -2/52 (54) HPs)
             Began as an Octopode Transmuter on June 11, 2021.
             Was an Initiate of Sif Muna.
             Slain by a centaur
             ... wielding a +0 quarterstaff of draining
              (8 damage)
             ... on level 6 of the Dungeon.
             The game lasted 00:36:49 (11906 turns).

JayTheAdventurer the Sneak (Octopode Transmuter)   Turns: 11906, Time: 00:36:50

HP:   -2/52 (54)    AC:  2    Str:  9    XL:     8   Next: 52%
MP:   18/23         EV: 23    Int: 17    God:    Sif Muna [......]
Gold: 275           SH:  0    Dex: 18    Spells: 2/15 levels left

rFire    . . .     SeeInvis .     - Unarmed
rCold    . . .     Faith    .   (shield currently unavailable)
rNeg     . . .     Spirit   .   (helmet currently unavailable)
rPois    x         Reflect  .   (no amulet)
rElec    .         Harm     .   f - ring of wizardry
rCorr    .         Rampage  .   b - ring of magical power
Will     .....                  (no ring)
Stlth    +++.......             (no ring)
HPRegen  0.17/turn              (no ring)
MPRegen  0.18/turn              (no ring)
                                (no ring)
                                (no ring)

@: spider-form (expiring), very slightly contaminated, lightly drained
A: tiny, almost no armour, stealthy swim, (amphibious), 8 rings, (constrict 8)
a: End Transformation, Renounce Religion


You were on level 6 of the Dungeon.
You worshipped Sif Muna.
Sif Muna was noncommittal.
You were a venomous arachnid creature.
You visited 2 branches of the dungeon, and saw 7 of its levels.

You collected 275 gold pieces.

Inventory:

Missiles
 d - 137 stones (quivered)
 h - 3 curare-tipped darts
 m - 18 poisoned darts
 q - a throwing net
 u - 4 datura-tipped darts
Jewellery
 b - a ring of magical power (right front leg)
 e - an uncursed ring of magical power
 f - a ring of wizardry (left front leg)
 k - an uncursed ring of fire
 r - an uncursed ring of stealth {unknown}
 v - an uncursed ring of poison resistance {unknown}
Wands
 l - a wand of random effects (17)
 s - a wand of disintegration (13)
Scrolls
 a - 2 scrolls of amnesia
 g - 6 scrolls of remove curse
 n - 4 scrolls of teleportation
 t - a scroll of enchant armour
 x - a scroll of fog
Potions
 c - a potion of magic
 i - 2 potions of lignification
 j - a potion of flight {unknown}
 o - a potion of attraction {unknown}
 w - a potion of ambrosia {unknown}


   Skills:
 + Level 3.8 Fighting
 + Level 4.4 Dodging
 + Level 5.6 Stealth
 + Level 5.1 Unarmed Combat
 + Level 4.1 Spellcasting
 + Level 4.4 Transmutations


You had 2 spell levels left.
You knew the following spells:

 Your Spells              Type           Power        Failure   Level
a - Beastly Appendage     Tmut           36%          4%          1
b - Spider Form           Tmut/Pois      5%           16%         3
c - Ice Form              Ice/Tmut       11%          38%         4
d - Blade Hands           Tmut           9%           43%         5

Your spell library contained the following spells:

 Spells                   Type           Power        Failure   Level
 Wereblood                Tmut           18%          4%          2


Dungeon Overview and Level Annotations

Branches:
Dungeon (6/15)             Temple (1/1) D:5

Altars:
Ashenzari
Dithmenos
Elyvilon
Fedhas
Hepliaklqana
Kikubaaqudgha
Makhleb
Nemelex Xobeh
Okawaru
Qazlal
Ru
Sif Muna
Uskayaw
Vehumet
Wu Jian
Xom
Yredelemnul


Innate Abilities, Weirdness & Mutations

You cannot wear most types of armour.
You are very stealthy in the water. (Stealth+)
((You are amphibious.))
You can wear up to eight rings at the same time.
((You can use your tentacles to constrict eight enemies at once.))
((Your skin changes colour to match your surroundings (Stealth+).))
((Your rubbery body absorbs attacks. (AC +1, EV +1)))


Message History

The centaur wields a +0 quarterstaff of draining.
You sense an unholy aura.
The centaur misses you.
Found a stone staircase leading down.
There is an open door here.
You hit the centaur but do no damage.
The centaur is poisoned.
The centaur drinks a potion.
The centaur flickers and vanishes!
Deactivating autopickup; reactivate with Ctrl-A.
Something closely misses you.
You hit something but do no damage. Something hits you!
You feel drained.
You barely miss something.
You hear a zap.
You are blasted!
Ouch! That really hurt!
You hit something.
Your transformation is almost over.
You hear a zap.
You are blasted!
* * * LOW HITPOINT WARNING * * *
Something hits you!
You die...

#.... #....
###....
.......
.......
.......
.......####
......{s..#
......>#.(#
########..#
#.........#
#.....##..#
#.....##..#
#.....##..#
#.....##..#
#......#..#


There were no monsters in sight!

Vanquished Creatures
  Menkaure (D:5)
  An ogre (D:4)
  A big kobold (D:4)
  4 scorpions
  2 howler monkeys (D:6)
  A bullfrog skeleton (D:6)
  5 orc priests
  2 hounds
  Ijyb (D:4)
  An iguana (D:4)
  3 orc wizards
  6 worker ants
  8 gnolls
  5 adders
  A shadow imp (D:6)
  An ooze (D:4)
  An adder skeleton (D:4)
  An adder zombie (D:6)
  3 worms
  2 leopard geckos
  13 orcs
  2 giant cockroaches
  A hobgoblin (D:2)
  3 quokkas
  2 ball pythons
  5 bats
  5 frilled lizards
  6 goblins
  3 kobolds
  A quokka skeleton (D:4)
  2 rats (D:2)
93 creatures vanquished.

Notes
Turn   | Place    | Note
-------+----------+-------------------------------------------
     0 | D:1      | JayTheAdventurer the Octopode Transmuter began the quest
                  | for the Orb.
     0 | D:1      | Reached XP level 1. HP: 13/13 MP: 3/3
  1374 | D:2      | Reached XP level 2. HP: 17/18 MP: 3/5
  1843 | D:2      | Noticed a scorpion
  2012 | D:2      | Reached skill level 1 in Stealth
  2344 | D:2      | Reached XP level 3. HP: 23/23 MP: 4/6
  2352 | D:2      | Learned a level 3 spell: Spider Form
  2361 | D:2      | Found a blossoming altar of Fedhas.
  2541 | D:2      | Killed a scorpion
  2542 | D:2      | Reached XP level 4. HP: 20/29 MP: 0/7
  3693 | D:3      | Reached XP level 5. HP: 22/34 MP: 4/8
  3888 | D:3      | Found a stormy altar of Qazlal.
  4695 | D:3      | Reached XP level 6. HP: 21/39 MP: 7/10
  4703 | D:3      | Learned a level 4 spell: Ice Form
  5884 | D:4      | Reached XP level 7. HP: 24/45 MP: 9/11
  7463 | D:4      | Found an ornate altar of the Wu Jian Council.
  7475 | D:4      | Noticed Ijyb
  7492 | D:4      | Killed Ijyb
  9000 | D:4      | Found a shimmering altar of Xom.
  9009 | D:4      | Reached XP level 8. HP: 44/52 MP: 9/13
  9133 | D:4      | Learned a level 5 spell: Blade Hands
  9144 | D:5      | Entered Level 5 of the Dungeon
  9144 | D:5      | Noticed Menkaure
  9175 | D:5      | Killed Menkaure
  9176 | D:5      | Reached skill level 5 in Stealth
  9551 | D:5      | Found a radiant altar of Vehumet.
  9603 | D:5      | Found a hide-covered altar of Uskayaw.
  9638 | D:5      | Noticed a +0 hand axe
  9638 | D:5      | Noticed a +0 hand axe
  9779 | D:5      | Found a staircase to the Ecumenical Temple.
  9859 | Temple   | Entered the Ecumenical Temple
 10079 | Temple   | Became a worshipper of Sif Muna the Loreminder
 10755 | D:6      | Reached skill level 5 in Unarmed Combat
 11505 | D:6      | Found a shadowy altar of Dithmenos.
 11906 | D:6      | Slain by a centaur

Illustrated notes

Levels and vault maps discovered:
D:1:      sevenhm_arrival_forest_fort_small_4, layout_loops_corners
D:2:      layout_basic, marbit_many_paths, lemuel_another_geyser
D:3:      layout_basic, grunt_qazlal_sundering, serial_co_window_serial,
          co_window_paths_a, co_window_of_opportunity_a, co_window_corner_a,
          co_window_corner_a, co_window_corner_a, co_window_corner_ca,
          co_window_2corner, co_window_corner_b, co_window_corner_b,
          co_window_of_opportunity_b, co_window_paths_c, co_window_paths_d,
          glass_columns_a, glass_columns_a, glass_columns_b, glass_columns_b,
          glass_columns_a
D:4:      layout_loops_cross, brannock_xom_greatest_gift,
          nzn_wu_jian_contemplation, uniq_ijyb
D:5:      layout_gridville, dancing_weapons_uskayaw, vehumet_crystals,
          minmay_temple_entry_large_hall, uniq_menkaure
D:6:      layout_gridville, nicolae_dithmenos_shadow_blocks,
          lemuel_coloured_pillars_altar, minitemple, chequers_jeans,
          uniq_eustachio, uniq_sigmund, uniq_edmund
Temple:   jpeg_temple_alley_garden

Skill      XL: |  1  2  3  4  5  6  7  8 |
---------------+-------------------------+-----
Stealth        | 1 2 3 4 5 |  5.6
Fighting       | 2 3 |  3.8
Dodging        | 3 4 |  4.4
Transmutations | 3 4 |  4.4
Unarmed Combat | 4 5 |  5.1
Spellcasting   | 3 4 |  4.1

Action                   |  1- 3 |  4- 6 |  7- 9 || total
-------------------------+-------+-------+-------++-------
Melee: Unarmed           |    43 |    88 |   146 ||   277
       Constrict         |    10 |     6 |     6 ||    22
       Kick              |     7 |     2 |     3 ||    12
       Tentacles         |     5 |     2 |     3 ||    10
       Punch             |       |     1 |     2 ||     3
Throw: Stone             |     5 |    15 |    24 ||    44
       Dart              |     1 |       |       ||     1
 Cast: Beastly Appendage |    19 |     8 |     6 ||    33
       Spider Form       |     1 |    19 |    29 ||    49
       Ice Form          |       |       |     1 ||     1
  Use: Scroll            |     8 |     2 |     6 ||    16
 Stab: Sleeping          |     5 |     1 |     5 ||    11
       Distracted        |       |       |     1 ||     1
Armor: Skin              |     5 |     1 |     4 ||    10
Dodge: Dodged            |    22 |    60 |    91 ||   173
